 Dungeon Crawl Stone Soup version 0.28.0-45-g0d030f2227 (webtiles) character file.

Game seed: 10507878526106201198

2893 MisterFreud the Covert (level 9, -6/67 (74) HPs)
             Began as a Gnoll Delver on May 18, 2022.
             Was a Believer of Ru.
             Mangled by a yak (16 damage)
             ... on level 6 of the Dungeon.
             The game lasted 00:17:11 (11162 turns).

MisterFreud the Covert (Gnoll Delver)              Turns: 11162, Time: 00:17:12

HP:   -6/67 (74)    AC:  3    Str: 12    XL:     9   Next: 77%
MP:   15/15         EV: 15    Int: 14    God:    Ru [**....]
Gold: 264           SH:  0    Dex: 19    Spells: 14/17 levels left

rFire   . . .      SeeInvis .   z - +0 dagger (elec)
rCold   . . .      Faith    .   (shield unavailable)
rNeg    . . .      Spirit   .   b - +0 leather armour
rPois   .          Reflect  .   (no helmet)
rElec   .          Harm     .   (no cloak)
rCorr   .          Rampage  .   (no gloves)
Will    .....                   (no boots)
Stlth   +++++.....              n - amulet of the acrobat
HPRegen 0.21/turn               (ring unavailable)
MPRegen 0.14/turn               q - +6 ring of dexterity

@: drained
A: fangs 1, missing a hand, strong nose, distributed training
a: Renounce Religion


You were on level 6 of the Dungeon.
You worshipped Ru.
Ru was pleased with you.
You visited 1 branch of the dungeon, and saw 8 of its levels.
You also visited: Ossuary.

You collected 369 gold pieces.
You spent 105 gold pieces at shops.

Inventory:

Hand Weapons
 a - a +0 short sword
 t - a +0 short sword of protection
 z - a +0 dagger of electrocution (weapon)
Armour
 b - a +0 leather armour (worn)
Jewellery
 n - an amulet of the acrobat (around neck)
 o - a ring of protection from fire
 p - an amulet of magic regeneration
 q - a +6 ring of dexterity (right hand)
 s - a ring of protection from fire
 v - a ring of see invisible
 w - an amulet of the acrobat
 A - a ring of positive energy
Wands
 g - a wand of digging (1)
 u - a wand of mindburst (10)
 y - a wand of polymorph (7)
Scrolls
 c - 2 scrolls of fog
 e - a scroll of fear
 h - 2 scrolls of vulnerability
 m - 2 scrolls of teleportation
 x - a scroll of summoning {unknown}
Potions
 d - a potion of brilliance
 f - a potion of haste
 j - a potion of invisibility {unknown}
 k - a potion of magic
 l - a potion of mutation
 r - a potion of might {unknown}


   Skills:
 + Level 8.1 Fighting
 + Level 6.5 Short Blades
 + Level 4.5 Long Blades
 + Level 4.5 Axes
 + Level 4.5 Maces & Flails
 + Level 4.5 Polearms
 + Level 4.5 Staves
 + Level 4.5 Slings
   Level 0.0 Bows
 + Level 4.5 Crossbows
 + Level 4.5 Throwing
 + Level 4.5 Armour
 + Level 6.5 Dodging
 + Level 10.6 Stealth
   Level 0.0 Shields
 + Level 4.5 Unarmed Combat
 + Level 4.5 Spellcasting
 + Level 3.7 Conjurations
 + Level 3.7 Hexes
 + Level 3.7 Summonings
 + Level 3.7 Necromancy
 + Level 3.7 Translocations
 + Level 3.7 Transmutations
 + Level 3.7 Fire Magic
 + Level 3.7 Ice Magic
 + Level 3.7 Air Magic
 + Level 3.7 Earth Magic
 + Level 3.7 Poison Magic
 + Level 5.0 Invocations
 + Level 4.5 Evocations


You had 14 spell levels left.
You knew the following spells:

 Your Spells              Type           Power      Damage    Failure   Level
a - Swiftness             Air            13%        N/A       14%         3

Your spell library contained the following spells:

 Spells                   Type           Power      Damage    Failure   Level
 Beastly Appendage        Tmut           26%        N/A       4%          1
 Shock                    Conj/Air       52%        1d6       4%          1
 Sublimation of Blood     Necr           13%        N/A       8%          2
 Wereblood                Tmut           13%        N/A       8%          2
 Call Canine Familiar     Summ           13%        N/A       14%         3
 Portal Projectile        Hex/Tloc       26%        N/A       14%         3
 Spider Form              Tmut/Pois      13%        N/A       14%         3
 Airstrike                Air            6%         N/A       43%         4
 Leda's Liquefaction      Hex/Erth       6%         N/A       43%         4
 Olgreb's Toxic Radiance  Pois           13%        N/A       43%         4
 Ozocubu's Refrigeration  Ice            6%         4d6       100%        7
 Summon Hydra             Summ           6%         N/A       100%        7
 Ignition                 Fire           6%         3d4       100%        8


Dungeon Overview and Level Annotations

Branches:
Dungeon (8/15)             Temple (0/1) D:6            Lair (0/6) D:8
Ossuary (visited)

Altars:
Dithmenos
Ru
Uskayaw
Vehumet
Wu Jian
Xom
Yredelemnul
Zin

Shops:
D:1 ([(


Innate Abilities, Weirdness & Mutations

You have very sharp teeth.
You are missing a hand.
Your uncanny sense of smell can sniff out nearby items.
Your experience applies equally to all skills.


Message History

You feel drained.
You are too injured to fight recklessly!
You barely miss the wight.
The orc priest mumbles some strange prayers to Beogh against you.
Beogh smites you!
* * * LOW HITPOINT WARNING * * *
You hit the wight.
The wight is lightly damaged.
The wight hits you with a +0 hand axe.
* * * LOW HITPOINT WARNING * * *
You feel drained.
* * * LOW HITPOINT WARNING * * *
The orc priest looks encouraged for a moment.
You feel much better.
The orc priest looks satisfied for a moment.
The wight hits you with a +0 hand axe!
* * * LOW HITPOINT WARNING * * *
Unknown command.
The orc priest calls down the wrath of Beogh upon you.
Beogh smites you!
* * * LOW HITPOINT WARNING * * *
There is a stone staircase leading up here.
The wight hits you with a +0 hand axe.
* * * LOW HITPOINT WARNING * * *
You climb upwards.
There is a stone staircase leading down here.
Okay, then.
Unknown command.
Unknown command.
Unknown command.
Okay, then.
Okay, then.
You see here a +0 spear.
There is a stone staircase leading up here.
You climb upwards.
The yak bellows! x3
The yak completely misses you. The yak gores you.
* * * LOW HITPOINT WARNING * * *
The yak gores you!
You die...

.............#_....#
#...........
.............###..##
#.#....#....
.............#⌠....#
#.#....#....
########.....###__##
#.######Y...
#.....#########.# ##Y...
#....)..........# #.....
#..........##.### ##.##..
#######.Y.Y#...#####Y..#..
#.Y@...#...YY..#....
#.Y..#...#####...#.#
#....##.## ##.##.#
#.....#.# #.##.# #.....#.#
#.##.# #.....#.# #.##.#
#....##.## ##.##.#
####!#...#####...#.#
#...#.......#...#


You could see 4 yaks.

Vanquished Creatures
  2 yaks (D:6)
  A water moccasin (D:7)
  An orc warrior (D:5)
  2 sky beasts
  3 ogres (D:5)
  A phantom (D:6)
  A bullfrog (D:8)
  2 scorpions
  A water moccasin zombie (D:5)
  3 killer bees (D:7)
  3 wights (D:8)
  3 howler monkeys
  3 centaur zombies (Ossuary)
  3 jellies
  An orc priest (D:6)
  2 human zombies (Ossuary)
  4 hounds
  4 bullfrog skeletons
  A gnoll shaman (D:7)
  Terence (D:3)
  Jessica (D:3)
  3 iguanas (D:6)
  2 orc wizards
  Natasha (thrice) (D:3)
  A hound zombie (Ossuary)
  2 hound skeletons
  3 mummies (Ossuary)
  9 adders
  13 gnolls
  A shadow imp (D:6)
  2 white imps (D:5)
  An adder skeleton (D:4)
  3 adder zombies (Ossuary)
  19 orcs
  2 bats
  8 endoplasms
  3 giant cockroaches
  6 goblins
  8 hobgoblins
  13 jackals
  4 kobolds
  2 quokkas
  9 ball pythons
  A frilled lizard (D:3)
  4 gnoll zombies (Ossuary)
  5 goblin zombies (Ossuary)
  A hobgoblin zombie (Ossuary)
  3 jackal zombies (Ossuary)
  4 kobold zombies (Ossuary)
  4 quokka zombies (Ossuary)
  7 rats
  6 rat zombies (Ossuary)
195 creatures vanquished.

Vanquished Creatures (others)
  A gnoll shaman (D:7)
  An orc priest (D:6)
  A gnoll (D:7)
  4 toadstools (D:1)
7 creatures vanquished.

Grand Total: 202 creatures vanquished

Notes
Turn   | Place    | Note
-------+----------+-------------------------------------------
     0 | D:5      | Reached skill level 9 in Stealth
     0 | D:5      | MisterFreud the Gnoll Delver began the quest for the Orb.
     0 | D:5      | Reached XP level 1. HP: 23/23 MP: 1/1
     1 | D:6      | Noticed an iguana
     4 | D:6      | Killed an iguana
     5 | D:6      | Reached XP level 2. HP: 29/29 MP: 2/2
     5 | D:6      | Reached XP level 3. HP: 35/35 MP: 3/3
    37 | D:5      | Found a sand-covered staircase.
    46 | Ossuary  | Entered an ossuary
   271 | Ossuary  | Reached skill level 1 in Long Blades
   271 | Ossuary  | Reached skill level 1 in Axes
   271 | Ossuary  | Reached skill level 1 in Maces & Flails
   271 | Ossuary  | Reached skill level 1 in Polearms
   271 | Ossuary  | Reached skill level 1 in Staves
   271 | Ossuary  | Reached skill level 1 in Slings
   271 | Ossuary  | Reached skill level 1 in Bows
   271 | Ossuary  | Reached skill level 1 in Crossbows
   271 | Ossuary  | Reached skill level 1 in Throwing
   271 | Ossuary  | Reached skill level 1 in Armour
   271 | Ossuary  | Reached skill level 1 in Shields
   271 | Ossuary  | Reached skill level 1 in Unarmed Combat
   271 | Ossuary  | Reached skill level 1 in Spellcasting
   271 | Ossuary  | Reached skill level 1 in Invocations
   271 | Ossuary  | Reached skill level 1 in Evocations
   271 | Ossuary  | Reached XP level 4. HP: 16/41 MP: 5/5
   501 | Ossuary  | Reached skill level 1 in Conjurations
   501 | Ossuary  | Reached skill level 1 in Hexes
   501 | Ossuary  | Reached skill level 1 in Summonings
   501 | Ossuary  | Reached skill level 1 in Necromancy
   501 | Ossuary  | Reached skill level 1 in Translocations
   501 | Ossuary  | Reached skill level 1 in Transmutations
   501 | Ossuary  | Reached skill level 1 in Fire Magic
   501 | Ossuary  | Reached skill level 1 in Ice Magic
   501 | Ossuary  | Reached skill level 1 in Air Magic
   501 | Ossuary  | Reached skill level 1 in Earth Magic
   501 | Ossuary  | Reached skill level 1 in Poison Magic
   806 | Ossuary  | Reached XP level 5. HP: 34/47 MP: 5/7
  1843 | Ossuary  | Reached XP level 6. HP: 47/53 MP: 8/8
  1902 | D:5      | Found a shimmering altar of Xom.
  1902 | D:5      | Noticed an angel
  1903 | D:5      | Found a glowing silver altar of Zin.
  1961 | D:4      | Reached skill level 5 in Short Blades
  1961 | D:4      | Reached skill level 5 in Dodging
  2332 | D:3      | Noticed Natasha
  2336 | D:3      | Killed Natasha
  2618 | D:1      | Found Roocos's Antique Armour Boutique.
  2649 | D:1      | Found Gesabaawk's Antique Weapon Boutique.
  2659 | D:1      | Bought a runed dagger for 105 gold pieces
  2740 | D:1      | Found Uppur's Weapon Shoppe.
  3610 | D:2      | Reached XP level 7. HP: 59/59 MP: 10/10
  3629 | D:2      | Found a hide-covered altar of Uskayaw.
  3955 | D:3      | Noticed Terence
  4230 | D:3      | Noticed Natasha
  4241 | D:3      | Killed Natasha
  4398 | D:3      | Noticed Jessica
  4405 | D:3      | Killed Jessica
  4534 | D:3      | Noticed Natasha
  4547 | D:3      | Killed Natasha
  4646 | D:3      | Killed Terence
  4761 | D:4      | Found a sacrificial altar of Ru.
  4793 | D:4      | Became a worshipper of Ru the Awakened
  5496 | D:5      | Reached skill level 10 in Stealth
  5785 | D:5      | Identified the +0 plate armour of Rouwawel {*Corrode Fly
                  | rPois Str-2}
  6119 | D:5      | Reached XP level 8. HP: 67/67 MP: 12/12
  6561 | D:5      | Found a shimmering altar of Xom.
  7570 | D:6      | Found a staircase to the Ecumenical Temple.
  7625 | D:6      | Gained mutation: You are missing a hand. [Ru sacrifice]
  7625 | D:6      | Reached * piety under Ru
  7625 | D:6      | Reached ** piety under Ru
  8010 | D:7      | HP: 1/67 [gnoll/+0 spear (9)]
  8080 | D:6      | Reached XP level 9. HP: 19/73 MP: 14/14
  8375 | D:6      | Learned a level 3 spell: Swiftness
  8460 | D:6      | Identified the +3 dagger of Tumult {vorpal, +Blink Will+
                  | Int-3}
 10001 | D:6      | Found a radiant altar of Vehumet.
 10213 | D:6      | Found a shadowy altar of Dithmenos.
 10213 | D:6      | Found an ornate altar of the Wu Jian Council.
 10215 | D:6      | Found a basalt altar of Yredelemnul.
 10951 | D:8      | Found a staircase to the Lair.
 11049 | D:8      | Reached skill level 5 in Invocations
 11116 | D:8      | HP: 2/67 [wight/+0 hand axe (6)]
 11162 | D:6      | Mangled by a yak

Illustrated notes

Levels and vault maps discovered:
D:1:      ldierk_water_garden, layout_loops_ring, serial_shops, shop_fountains,
          nicolae_shop_hallway_plus, nicolae_shop_statue_plus,
          chequers_serial_rivers_large_b
D:2:      layout_basic, basic_altar
D:3:      layout_basic, minmay_cupped, uniq_jessica, uniq_terence, uniq_natasha
D:4:      layout_basic, nicolae_ru_awakened_eye, lightli_corner_chamber
D:5:      layout_basic, grunt_temple_overflow_order_and_chaos_1,
          enter_ossuary_3, minmay_ruined_shrine
D:6:      layout_basic, nicolae_vehumet_altar_sigil, minitemple,
          minmay_temple_entry_arrows, minmay_misc_feat_tower
D:7:      layout_loops_ring, minivault_26
D:8:      layout_basic, lair_entry_dummy, grunt_ministairs_7, uniq_gastronok

Skill      XL: |  1  2  3  4  5  6  7  8  9 |
---------------+----------------------------+-----
Stealth        | 10 | 10.6
Long Blades    | 1 2 3 4 |  4.5
Axes           | 1 2 3 4 |  4.5
Maces & Flails | 1 2 3 4 |  4.5
Polearms       | 1 2 3 4 |  4.5
Staves         | 1 2 3 4 |  4.5
Slings         | 1 2 3 4 |  4.5
Bows           | 1 2 0 |  0.0
Crossbows      | 1 2 3 4 |  4.5
Throwing       | 1 2 3 4 |  4.5
Armour         | 1 2 3 4 |  4.5
Shields        | 1 2 0 |  0.0
Unarmed Combat | 1 2 3 4 |  4.5
Spellcasting   | 1 2 3 4 |  4.5
Invocations    | 1 2 3 4 5 |  5.0
Evocations     | 1 2 3 4 |  4.5
Conjurations   | 1 2 3 |  3.7
Hexes          | 1 2 3 |  3.7
Summonings     | 1 2 3 |  3.7
Necromancy     | 1 2 3 |  3.7
Translocations | 1 2 3 |  3.7
Transmutations | 1 2 3 |  3.7
Fire Magic     | 1 2 3 |  3.7
Ice Magic      | 1 2 3 |  3.7
Air Magic      | 1 2 3 |  3.7
Earth Magic    | 1 2 3 |  3.7
Poison Magic   | 1 2 3 |  3.7
Short Blades   | 5 6 |  6.5
Dodging        | 5 6 |  6.5
Fighting       | 7 8 |  8.1

Action                   |  1- 3 |  4- 6 |  7- 9 || total
-------------------------+-------+-------+-------++-------
Melee: Short sword       |    49 |   323 |   658 ||  1030
       Bite              |     9 |    44 |    86 ||   139
       Punch             |       |     6 |     9 ||    15
       Dagger            |       |       |    68 ||    68
       Unarmed           |       |       |     9 ||     9
Invok: Sacrifice a Hand  |       |       |     1 ||     1
Evoke: Wand              |     1 |     1 |    11 ||    13
  Use: Scroll            |     1 |       |    10 ||    11
       Potion            |       |       |     2 ||     2
 Stab: Sleeping          |     2 |    26 |    33 ||    61
       Distracted        |       |       |     2 ||     2
Armor: Leather armour    |    14 |    58 |   142 ||   214
Dodge: Dodged            |    58 |   163 |   345 ||   566
